Map: Submarine LE

Players

Ythaq - Winner!

  • Race: Terran Terran
  • League: Platinum
  • Spawn Location: 11:00

Massa

  • Race: Terran Terran
  • League: Platinum
  • Spawn Location: 5:00

VOD

Have the link to the VOD?

Description

Time

  • Played on: Oct. 3, 2020, 2:58 p.m.
  • Length: 26:33
Show
View Real Time Build Order
Export as new Build Order

Ythaq Terran - Winner!

Build Orders: Liberator Opening 

Get SALT Encoding   

  12  0:00  SCV  
  13  0:12  SCV  
  14  0:18  Supply Depot  
  14  0:24  SCV  
  15  0:40  SCV  
  15  0:41  Refinery  
  16  0:45  Barracks  
  16  0:52  SCV  
  17  1:04  Refinery  
  17  1:20  SCV  
  18  1:42  SCV  
  19  1:49  Factory, Marine  
  20  1:56  Orbital Command  
  20  1:57  Supply Depot  
  20  2:07  Marine  
  21  2:24  SCV  
  22  2:32  Factory Tech Lab  
  22  2:33  Starport  
  22  2:36  SCV  
  23  2:37  Marine  
  24  2:44  Supply Depot  
  24  2:48  SCV  
  25  2:51  Siege Tank  
  25  2:55  Marine  
  29  3:01  SCV  
  30  3:12  Liberator  
  33  3:17  Marine  
  33  3:19  SCV  
  35  3:23  Siege Tank  
  37  3:38  Marine  
  38  3:52  Command Center  
  38  3:57  SCV  
  39  4:08  Viking  
  39  4:09  Supply Depot  
  41  4:43  SCV  
  41  4:44  Marine  
  41  4:45  Siege Tank  
  46  4:46  Viking  
  48  4:56  SCV  
  49  5:02  Marine  
  50  5:08  SCV  
  51  5:15  Orbital Command  
  51  5:19  Refinery  
  51  5:20  SCV  
  52  5:21  Refinery  
  52  5:23  Engineering Bay  
  52  5:31  Supply Depot  
  52  5:32  SCV  
  53  5:44  SCV  
  54  5:56  SCV  
  55  5:57  Marine  
  55  5:59  Cyclone  
  55  6:00  Viking  
  61  6:15  Marine  
  62  6:19  SCV x2, Missile Turret  
  62  6:23  Missile Turret  
  64  6:28  Fusion Core  
  64  6:30  Viking  
  64  6:31  Widow Mine, SCV x2  
  67  6:43  SCV  
  67  6:44  SCV  
  69  6:55  SCV  
  69  6:56  SCV  
  71  7:05  Starport Tech Lab  
  71  7:07  SCV  
  71  7:08  SCV  
  73  7:12  Starport  
  73  7:14  Starport, Missile Turret  
  73  7:17  Missile Turret, Supply Depot  
  73  7:19  SCV, Supply Depot x2  
  73  7:20  SCV, Supply Depot  
  75  7:36  Terran Infantry Weapons Level 1  
  75  7:37  Command Center  
  75  7:41  Armory  
  75  7:48  Battlecruiser  
  75  7:50  Starport Tech Lab x2  
  81  8:16  Battlecruiser x2  
  91  8:38  SCV x2  
  93  8:49  Planetary Fortress  
  93  8:50  SCV x2  
  93  8:52  Refinery  
  95  8:59  Missile Turret, Siege Tank  
  95  9:02  SCV x2  
  100  9:14  SCV x2  
  102  9:21  Missile Turret  
  102  9:26  SCV x2  
  102  9:43  Refinery  
  102  9:44  SCV x3  
  105  9:56  SCV x3  
  108  10:07  Terran Infantry Weapons Level 2  
  108  10:08  SCV  
  108  10:10  Terran Ship Weapons Level 1  
  109  10:16  Armory  
  109  10:19  Armory  
  109  10:45  Battlecruiser x2  
  109  10:47  Marine  
  124  10:50  Hellbat  
  124  10:56  Refinery, Command Center, Battlecruiser  
  130  10:59  Refinery, Supply Depot  
  130  11:00  Supply Depot x2  
  130  11:01  Missile Turret  
  130  11:05  Marine  
  133  11:11  Hellbat  
  133  11:17  Terran Vehicle And Ship Armor Level 1, Terran Vehicle Weapons Level 1  
  133  11:22  Marine, Supply Depot  
  133  11:24  Missile Turret, Supply Depot  
  134  11:27  Supply Depot  
  136  11:32  Hellion  
  136  11:40  Marine  
  137  11:53  Thor  
  143  11:58  Sensor Tower  
  143  12:07  Planetary Fortress  
  143  12:10  Sensor Tower  
  143  12:20  Battlecruiser x3  
  161  12:23  Terran Infantry Armor Level 1  
  161  12:25  Terran Ship Weapons Level 2  
  161  12:27  Weapon Refit  
  161  12:56  Missile Turret  
  161  12:58  Missile Turret  
  161  13:04  SCV x2  
  161  13:05  SCV x2  
  165  13:16  SCV  
  165  13:17  SCV  
  167  13:30  Factory x2  
  167  13:38  Thor  
  167  13:40  Battlecruiser x2  
  167  13:41  Battlecruiser  
  191  14:15  Sensor Tower  
  191  14:18  Missile Turret  
  191  14:21  Widow Mine  
  193  14:25  Terran Infantry Weapons Level 3  
  193  14:27  Terran Vehicle Weapons Level 2  
  193  14:42  Cyclone  
  195  15:03  Factory Tech Lab  
  195  15:04  Factory Tech Lab  
  195  15:39  Siege Tank  
  115  16:07  Battlecruiser x3  
  115  16:10  Marine  
  115  16:11  Thor, Siege Tank  
  131  16:12  Hellion  
  139  16:27  Marine  
  140  16:33  Widow Mine  
  142  16:43  Hellion  
  142  16:45  Marine  
  145  16:54  Cyclone  
  145  16:55  Siege Tank  
  151  17:01  Terran Infantry Armor Level 2  
  151  17:03  Marine  
  151  17:05  Hellbat  
  151  17:11  Battlecruiser  
  157  17:21  Marine  
  158  17:24  Drilling Claws  
  158  17:26  Thor x2, Siege Tank  
  158  17:28  Terran Vehicle And Ship Armor Level 2, Terran Vehicle Weapons Level 3  
  173  17:53  Command Center  
  173  17:58  Refinery, Widow Mine  
  175  18:00  Terran Ship Weapons Level 3  
  175  18:01  Refinery  
  175  18:09  Cyclone, Siege Tank  
  181  18:19  Hellbat  
  182  18:42  Hellion  
  184  18:50  Battlecruiser  
  184  18:51  Battlecruiser  
  196  19:18  Hi-Sec Auto Tracking  
  196  19:22  Planetary Fortress  
  196  19:26  Missile Turret  
  196  19:30  Missile Turret  
  176  19:32  Missile Turret  
  139  19:52  Thor x2  
  139  19:53  Thor  
  157  20:15  Neosteel Armor  
  157  20:18  Terran Vehicle And Ship Armor Level 3  
  157  20:20  Advanced Ballistics  
  157  20:24  Battlecruiser  
  163  20:35  Thor x3  
  179  21:55  Terran Infantry Armor Level 3  
  102  22:39  Marine  
  102  22:40  Thor, Siege Tank  
  102  22:41  Siege Tank  
  102  22:43  Viking, Battlecruiser  
  105  22:57  Marine  
  97  23:05  Battlecruiser  
  103  23:12  Thor x2  
  103  23:14  Marine  
  116  23:21  Battlecruiser  
  116  23:24  Siege Tank  
  125  23:30  Command Center  
  125  23:32  Marine  
  126  23:38  Refinery  
  126  23:39  Refinery  
  126  23:50  Marine  
  126  23:55  Thor x3  
  138  24:38  Thor x2  
  139  24:47  Planetary Fortress  
  109  25:58  Siege Tank x2  
  109  25:59  Viking  
  109  26:01  Marine  
Show
View Real Time Build Order
Export as new Build Order

Massa Terran 

Build Orders:  

Get SALT Encoding   

  12  0:00  SCV  
  13  0:12  SCV  
  14  0:17  Supply Depot  
  14  0:24  SCV  
  15  0:38  SCV  
  15  0:40  Barracks  
  16  0:49  Refinery  
  16  0:51  SCV  
  17  1:03  SCV  
  18  1:15  SCV  
  19  1:27  SCV  
  21  1:44  Orbital Command  
  21  1:45  Reaper  
  21  1:51  Command Center  
  21  2:09  SCV  
  21  2:10  Supply Depot  
  22  2:17  Marine  
  23  2:31  Factory  
  23  2:32  SCV  
  24  2:41  Refinery  
  24  2:44  SCV  
  24  2:47  Barracks Reactor  
  24  2:49  Command Center  
  25  2:56  SCV  
  26  3:08  SCV  
  26  3:10  Orbital Command  
  27  3:20  SCV  
  28  3:32  SCV  
  28  3:37  SCV  
  29  3:44  Starport  
  29  3:45  SCV, Hellion x2  
  34  3:49  SCV, Marine  
  36  3:57  SCV  
  37  4:03  Bunker  
  37  4:06  Hellion  
  37  4:07  Marine  
  40  4:12  Orbital Command  
  40  4:20  Barracks  
  40  4:21  Starport Tech Lab  
  40  4:25  Marine  
  40  4:26  Barracks, Liberator  
  43  4:35  SCV  
  45  4:42  Marine  
  45  4:46  Orbital Command  
  45  4:47  SCV  
  45  4:50  Orbital Command, Hellion x2  
  45  4:58  Supply Depot  
  45  5:02  Supply Depot  
  45  5:09  Liberator  
  45  5:11  Hellion  
  45  5:12  Hellion  
  52  5:21  Marine  
  51  5:22  Marine  
  51  5:39  Marine  
  51  5:40  Marine  
  53  5:51  Marine  
  53  5:57  Marine  
  54  5:58  Marine  
  54  6:01  Viking  
  58  6:06  Widow Mine  
  58  6:08  Marine  
  61  6:14  Marine  
  61  6:16  Marine  
  63  6:31  Viking  
  63  6:37  Orbital Command  
  63  6:45  Orbital Command  
  63  6:48  Barracks Reactor, Barracks Tech Lab  
  63  6:54  SCV  
  63  7:01  Medivac  
  66  7:06  SCV  
  66  7:08  Supply Depot x2  
  67  7:12  SCV  
  67  7:15  SCV  
  69  7:29  SCV x3  
  72  7:31  Medivac  
  72  7:32  Barracks  
  72  7:33  Engineering Bay  
  74  7:38  Stimpack  
  74  7:41  SCV x2  
  76  7:46  Barracks  
  76  7:53  Factory Tech Lab, SCV x2  
  78  8:01  Medivac  
  79  8:12  SCV  
  79  8:13  SCV  
  79  8:14  SCV  
  81  8:25  SCV, Missile Turret  
  81  8:26  SCV x2, Missile Turret  
  76  8:27  Missile Turret  
  76  8:30  Missile Turret  
  74  8:35  Missile Turret  
  74  8:37  Missile Turret x2  
  74  8:40  Refinery  
  74  8:42  Refinery  
  74  8:44  Cyclone  
  74  8:46  Missile Turret  
  74  8:47  Starport Reactor  
  77  8:49  Barracks Reactor  
  77  8:50  Missile Turret  
  77  8:51  Barracks Reactor  
  77  8:58  Missile Turret  
  77  8:59  Missile Turret  
  77  9:03  Missile Turret  
  76  9:16  Cyclone  
  67  9:27  Marine  
  67  9:28  Marauder, Marine x5  
  70  9:43  Supply Depot x2  
  70  9:45  Supply Depot  
  70  9:46  Supply Depot  
  70  9:47  Supply Depot x2  
  70  9:56  Supply Depot  
  70  10:04  Marine x4, Viking x2  
  70  10:05  Marine x3, Siege Tank  
  84  10:12  Command Center, Supply Depot  
  84  10:14  Supply Depot  
  84  10:17  Combat Shield  
  84  10:22  Marine x7  
  91  10:34  Viking x2  
  95  10:36  Terran Infantry Weapons Level 1  
  95  10:37  Siege Tank  
  95  10:40  Marine  
  99  10:44  Armory  
  99  10:47  Engineering Bay  
  99  10:51  Missile Turret  
  99  10:53  Missile Turret  
  99  10:56  Sensor Tower  
  99  11:01  Sensor Tower  
  99  11:04  Marauder, Marine x5, Viking  
  99  11:05  Marine  
  109  11:22  Marine  
  110  11:26  Marauder  
  112  11:38  SCV x2  
  114  11:44  Orbital Command  
  114  11:47  Marauder  
  114  11:50  SCV x2  
  118  11:56  Marine x4  
  118  11:57  Marine x2  
  118  12:00  Siege Tank  
  127  12:02  SCV  
  127  12:03  SCV  
  131  12:08  Marauder  
  131  12:11  Sensor Tower  
  131  12:14  SCV, Marine x4  
  131  12:15  SCV  
  139  12:30  Marauder  
  139  12:34  Command Center  
  139  12:39  Viking x2  
  139  12:43  Terran Vehicle Weapons Level 1  
  143  12:44  Thor  
  151  12:51  Marauder  
  151  13:06  Missile Turret x2  
  151  13:07  Missile Turret  
  151  13:08  Missile Turret x2  
  151  13:09  Viking x2, Missile Turret  
  157  13:13  Marauder  
  157  13:21  Mag-Field Accelerator  
  157  13:29  Armory  
  157  13:37  Supply Depot x2  
  157  13:38  Supply Depot x2  
  157  13:39  Supply Depot  
  157  13:42  Supply Depot  
  157  13:45  Thor  
  163  13:52  SCV  
  163  13:53  SCV x2  
  166  14:03  Supply Depot  
  166  14:05  SCV x3  
  166  14:08  Terran Infantry Armor Level 1  
  169  14:10  Terran Infantry Weapons Level 2  
  169  14:16  Terran Vehicle And Ship Armor Level 1  
  169  14:17  SCV x3  
  172  14:28  Thor  
  172  14:29  SCV x3  
  182  14:32  Planetary Fortress  
  181  14:41  SCV x3  
  181  14:44  Missile Turret  
  184  14:46  Missile Turret  
  184  14:47  Missile Turret  
  184  14:48  Missile Turret x3  
  184  14:52  Sensor Tower  
  183  14:53  SCV x3  
  185  15:02  Terran Vehicle Weapons Level 2  
  185  15:05  Viking x2  
  189  15:13  Refinery  
  189  15:15  Refinery  
  189  15:35  Viking x2  
  125  16:05  Marauder, Marine, Viking x2  
  125  16:06  Marine x5  
  108  16:23  Marine x6  
  108  16:24  Thor  
  120  16:27  Marauder  
  115  16:35  Viking x2  
  113  16:41  Marine x2  
  115  16:48  Marauder  
  117  16:59  Command Center  
  115  17:05  Viking x2  
  115  17:07  SCV x3, Thor  
  126  17:16  Missile Turret  
  126  17:17  Missile Turret  
  126  17:19  SCV x3, Missile Turret  
  129  17:26  Sensor Tower  
  129  17:35  Viking  
  131  17:37  Viking  
  131  17:39  Marine x2  
  131  17:40  Marauder, Marine x4  
  141  17:50  Thor  
  147  17:51  Command Center  
  147  17:54  Refinery  
  147  17:57  Refinery, Marine x4  
  151  18:05  Viking  
  153  18:08  Missile Turret x2  
  153  18:10  Missile Turret  
  153  18:12  Missile Turret  
  153  18:16  Planetary Fortress  
  153  18:24  Medivac  
  155  18:33  Thor  
  161  18:35  Terran Vehicle And Ship Armor Level 2  
  161  19:11  Missile Turret  
  97  19:47  Marauder  
  97  19:48  Marine x6  
  97  19:51  Medivac x2  
  109  19:53  Thor  
  115  20:05  Marine  
  115  20:06  Marine x5  
  121  20:09  Marauder  
  121  20:13  Command Center  
  123  20:21  Medivac x2  
  125  20:23  Marine  
  125  20:24  Marine x5  
  133  20:30  Marauder  
  134  20:36  Siege Tank  
  134  20:41  Marine  
  134  20:42  Marine x5  
  143  20:51  Marauder, Medivac x2  
  143  20:52  Command Center  
  149  21:01  Sensor Tower  
  149  21:08  Siege Tank  
  145  21:13  Marauder  
  147  21:21  Medivac x2  
  151  21:36  Command Center  
  151  21:40  Marauder, Marine x4  
  151  21:41  Marine x2  
  151  21:47  Thor  
  159  21:51  Viking x2  
  169  21:58  Marine x6  
  175  22:02  Marauder  
  140  22:16  Marine x3  
  122  22:23  Marauder  
  122  22:26  Marine x3  
  122  22:29  Thor  
  111  22:33  Marine  
  111  22:34  Marine x2  
  120  22:43  Marine  
  117  22:45  Marauder  
  111  22:57  Viking x2  
  107  23:04  Marine x6  
  113  23:06  Marauder  
  113  23:11  Planetary Fortress  
  113  23:12  Thor  
  115  23:17  Missile Turret  
  121  23:22  Marine x6  
  121  23:26  Viking  
  121  23:27  Marauder, Viking  
  129  23:31  Planetary Fortress  
  133  23:35  SCV x4  
  133  23:38  Missile Turret  
  133  23:39  Marine  
  133  23:40  Marine x5  
  143  23:49  Marauder  
  144  23:56  Viking  
  144  24:02  Refinery  
  143  24:04  Refinery  
  138  24:10  Marauder  
  99  24:46  Marauder, Marine  
  99  24:47  Marine x5  
  103  25:04  Marine x6  
  103  25:06  Missile Turret  
  109  25:07  Marauder, Missile Turret  
  107  25:22  Marine x2  
  106  25:29  Marauder  
  96  25:50  Marauder  
  98  26:02  Command Center  
  79  26:12  Marauder  
  79  26:15  Marine  
Tags
 
Add a new tag
Caveats
  • Supply blocks, unpowered buildings, or Contaminate may cause inaccurate times.
  • Supply counts are checked every 10 seconds.